Map: Ley Lines

Players

SZNightMare (NightMare)

  • Race: Protoss Protoss
  • Spawn Location: 1:00

Krystianer - Winner!

  • Race: Protoss Protoss
  • League: Grandmaster
  • Spawn Location: 7:00

VOD

Have the link to the VOD?

Description

Time

  • Played on: Aug. 9, 2025, 1:03 p.m.
  • Length: 9:05
Show
View Real Time Build Order
Export as new Build Order

SZNightMare Protoss 

Build Orders:  

Get SALT Encoding   

  12  0:00  Probe  
  13  0:12  Probe  
  14  0:17  Pylon  
  15  0:33  Probe  
  14  0:36  Gateway  
  14  0:41  Assimilator, Probe  
  16  0:50  Probe  
  16  0:54  Assimilator  
  17  0:59  Probe  
  18  1:07  Gateway, Probe  
  19  1:16  Probe  
  19  1:25  Cybernetics Core  
  20  1:29  Probe  
  21  1:34  Pylon  
  21  1:41  Probe  
  22  1:53  Probe  
  23  1:59  Stalker x2  
  23  2:03  Warp Gate  
  23  2:05  Probe  
  28  2:13  Pylon  
  28  2:21  Shield Battery  
  28  2:40  Nexus  
  27  2:46  Sentry x2  
  27  2:49  Probe  
  32  3:02  Probe  
  32  3:03  Shield Battery  
  33  3:11  Stalker x2  
  37  3:26  Probe  
  38  3:27  Pylon  
  36  3:37  Twilight Council  
  36  3:38  Probe  
  37  3:52  Stalker x2  
  37  3:55  Probe  
  42  3:57  Probe  
  42  4:02  Blink  
  43  4:07  Gateway  
  43  4:12  Probe  
  43  4:26  Shield Battery  
  43  4:28  Adept x2  
  46  4:31  Probe  
  47  4:39  Probe  
  47  4:43  Probe  
  49  4:51  Probe  
  49  4:56  Probe  
  48  5:01  Probe  
  48  5:04  Probe  
  49  5:09  Probe  
  49  5:12  Probe  
  51  5:17  Probe  
  51  5:19  Robotics Facility  
  53  5:22  Probe  
  54  5:29  Probe  
  54  5:31  Nexus  
  54  5:35  Pylon, Probe  
  56  5:41  Probe  
  57  5:47  Probe  
  56  5:52  Stalker x2  
  56  5:53  Probe  
  56  5:56  Immortal  
  58  6:05  Shield Battery  
  60  6:11  Gateway  
  60  6:16  Sentry x2  
  64  6:23  Pylon  
  64  6:27  Probe x2  
  64  6:29  Observer  
  64  6:30  Gateway  
  66  6:39  Probe x2  
  69  6:43  Stalker x2  
  73  6:50  Immortal  
  73  6:52  Gateway  
  77  6:56  Probe x2  
  77  6:58  Probe  
  80  7:05  Gateway  
  80  7:07  Pylon  
  80  7:11  Probe  
  80  7:12  Probe  
  80  7:13  Probe  
  83  7:23  Immortal  
  87  7:33  Stalker x3  
  87  7:35  Stalker  
  95  7:38  Shield Battery  
  91  7:44  Probe x3  
  88  7:54  Stalker  
  78  7:58  Stalker  
  78  7:59  Zealot  
  78  8:00  Stalker, Zealot  
  78  8:01  Zealot  
  76  8:17  Immortal  
  76  8:18  Stalker  
  61  8:23  Zealot x3  
  61  8:24  Zealot  
  61  8:26  Assimilator  
  61  8:40  Stalker  
  55  8:45  Zealot x3  
  55  8:46  Stalker  
  63  8:49  Zealot  
Show
View Real Time Build Order
Export as new Build Order

Krystianer Protoss - Winner!

Build Orders:  

Get SALT Encoding   

  12  0:00  Probe  
  13  0:12  Probe  
  14  0:16  Pylon  
  14  0:22  Probe  
  15  0:30  Probe  
  16  0:36  Gateway  
  16  0:39  Probe  
  17  0:44  Assimilator  
  17  0:51  Probe  
  17  0:52  Assimilator  
  18  0:59  Probe  
  19  1:06  Gateway  
  19  1:07  Probe  
  19  1:17  Probe  
  20  1:23  Cybernetics Core  
  21  1:29  Probe  
  22  1:34  Pylon  
  22  1:41  Probe  
  23  1:50  Warp Gate  
  23  1:53  Probe  
  24  2:00  Adept x2  
  28  2:05  Shield Battery  
  28  2:10  Pylon  
  28  2:14  Probe  
  29  2:30  Adept x2  
  32  2:47  Nexus  
  32  2:59  Adept  
  32  3:00  Adept  
  36  3:13  Pylon  
  36  3:20  Robotics Facility  
  36  3:26  Probe  
  33  3:38  Adept x2, Probe  
  38  3:50  Probe  
  38  3:51  Shield Battery  
  39  3:56  Immortal  
  39  3:58  Sentry x2  
  44  4:09  Probe  
  48  4:13  Probe  
  49  4:21  Probe x2  
  49  4:22  Sentry  
  52  4:24  Sentry  
  52  4:28  Immortal  
  55  4:33  Probe  
  58  4:42  Probe  
  58  4:44  Pylon  
  59  4:47  Probe  
  58  4:59  Probe  
  56  5:03  Forge, Twilight Council  
  56  5:06  Adept  
  53  5:07  Adept  
  53  5:09  Probe  
  53  5:14  Immortal, Probe  
  57  5:21  Probe  
  57  5:27  Probe  
  63  5:28  Blink  
  63  5:32  Assimilator, Shield Battery  
  63  5:33  Probe  
  64  5:37  Protoss Ground Weapons Level 1  
  64  5:40  Probe  
  64  5:41  Assimilator  
  65  5:45  Probe  
  64  5:52  Probe  
  64  5:53  Shield Battery  
  64  5:57  Probe, Warp Prism  
  64  6:10  Pylon  
  66  6:15  Gateway  
  66  6:17  Gateway  
  66  6:26  Gateway  
  66  6:28  Gateway  
  66  6:31  Immortal  
  66  6:35  Sentry  
  66  6:39  Stalker  
  74  6:44  Gateway  
  74  6:48  Pylon  
  74  6:59  Stalker  
  74  7:00  Pylon  
  76  7:02  Stalker  
  78  7:13  Stalker x2  
  82  7:23  Pylon  
  82  7:26  Stalker  
  82  7:27  Stalker x2  
  82  7:28  Stalker  
  87  7:37  Stalker x2  
  87  7:41  Stalker  
  77  7:58  Stalker x3  
  77  7:59  Stalker  
  77  8:03  Stalker  
  85  8:12  Stalker x2  
  67  8:30  Stalker x4  
  73  8:50  Stalker x3  
  73  8:54  Stalker x2  
Tags
 
Add a new tag
Caveats
  • Supply blocks, unpowered buildings, or Contaminate may cause inaccurate times.
  • Supply counts are checked every 10 seconds.